 Dungeon Crawl Stone Soup version 0.29.1-2-gbd0b4ee654 (webtiles) character file.

Game seed: 8439979095569816300

21 Descartes the Sneak (level 2, -1/14 HPs)
             Began as a Spriggan Wanderer on Nov 16, 2022.
             Slain by a gnoll
             ... wielding a +0 club
              (6 damage)
             ... on level 1 of the Dungeon.
             The game lasted 00:01:56 (1288 turns).

Descartes the Sneak (Spriggan Wanderer)             Turns: 1288, Time: 00:01:57

Health: -1/14      AC:  3    Str:  7    XL:     2   Next: 65%
Magic:  5/5        EV: 16    Int: 11    God:
Gold:   33         SH:  0    Dex: 17    Spells: 4/4 levels left

rFire   . . .      SeeInvis +   a - +0 dagger
rCold   . . .      Faith    .   (no shield)
rNeg    . . .      Spirit   .   d - +0 robe
rPois   .          Reflect  .   (helmet restricted)
rElec   .          Harm     .   b - +0 cloak
rCorr   .          Rampage  .   (gloves unavailable)
Will    .....                   (boots unavailable)
Stlth   +++.......              (no amulet)
HPRegen 0.04/turn               (no ring)
MPRegen 0.09/turn               (no ring)

@: very quick
A: very small, no large weapons, unfitting armour, see invisible, speed 3
a: no special abilities


You were on level 1 of the Dungeon.
You visited 1 branch of the dungeon, and saw 2 of its levels.

You collected 33 gold pieces.

Inventory:

Hand Weapons
 a - a +0 dagger (weapon)
 j - a +1 vampiric whip
 k - a +0 sling
Missiles
 f - a throwing net
 l - 4 poisoned darts
Armour
 b - a +0 cloak (worn)
 d - a +0 robe (worn)
Wands
 e - a wand of charming (12) (quivered)
Scrolls
 h - 2 scrolls of teleportation {unknown}
 m - a scroll of brand weapon {unknown}
 n - a scroll of identify {unknown}
 o - a scroll of poison {unknown}
Potions
 c - a potion of lignification
 g - a potion of brilliance {unknown}
 i - a potion of heal wounds {unknown}


   Skills:
 - Level 1.5 Fighting
 + Level 0.6 Short Blades
 + Level 0.6 Ranged Weapons
 - Level 1.0 Throwing
 + Level 0.6 Dodging
 + Level 4.6 Stealth
 + Level 1.7 Spellcasting
 + Level 1.7 Transmutations
 + Level 0.4 Earth Magic
 + Level 3.0 Evocations


You had 4 spell levels left.
You didn't know any spells.
Your spell library contained the following spells:

 Spells                   Type           Power      Damage    Failure   Level
 Wereblood                Tmut           4%         N/A       22%         2
 Passwall                 Tmut/Erth      2%         N/A       28%         2


Dungeon Overview and Level Annotations

Branches:
Dungeon (2/15)

Altars:


Innate Abilities, Weirdness & Mutations

You are very small and have problems with some larger weapons.
You are too small for most types of armour.
You have supernaturally acute eyesight. (SInv)
You cover ground extremely quickly. (Speed+++)


Message History

The gnoll shouts!
You hear a shout!
The gnoll misses you.
You hit the gnoll.
The gnoll is severely wounded.
A gnoll comes into view.
It is wielding a +0 flail of protection.
The gnoll barely misses you.
You barely miss the gnoll.
The gnoll is severely wounded.
There is a stone staircase leading up here.
The gnoll closely misses you.
You hit the gnoll.
The gnoll is moderately wounded.
The gnoll hits you with a +0 club.
You hit the gnoll.
The gnoll is moderately wounded.
The gnoll hits you with a +0 club.
You hit the gnoll but do no damage.
The gnoll is moderately wounded.
The gnoll barely misses you.
You closely miss the gnoll.
The gnoll is moderately wounded.
The gnoll misses you. The gnoll completely misses you.
You climb upwards.
There is a stone staircase leading down here.
You hit the gnoll but do no damage.
The gnoll is moderately wounded.
You barely miss the gnoll.
The gnoll is moderately wounded.
The gnoll barely misses you.
You hit the gnoll but do no damage.
The gnoll is moderately wounded.
The gnoll misses you.
You hit the gnoll but do no damage.
The gnoll is moderately wounded.
The gnoll misses you.
You hit the gnoll but do no damage.
The gnoll is moderately wounded.
The gnoll hits you with a +0 club.
You die...

♣♣ #######.#........##.#.#
#. ♣♣ ### #...........#.#†#
##. >♣ #.#
####.......)..#.#.# #.. ♣♣
#.###.............#.#.# #.[
#...#.................###..
###........................
♣ ###..÷...................
♣
####.....g................
♣
##........@....####...###..
♣ #......[.......#
#...###.÷ ♣
##.............# #....##..
♣ ###...##.###### #....##..
♣
###..........######....###.
♣
#.#.######.#...........###.
#...# #.#......#....##..
#######..####
#........#....##..
.....##.....##
###...............


You could see a gnoll.

Vanquished Creatures
  A ball python (D:1)
  2 endoplasms (D:1)
  A giant cockroach (D:1)
  2 goblins (D:1)
  2 hobgoblins (D:1)
  4 jackals (D:1)
  A quokka (D:1)
  A bat (D:1)
  3 frilled lizards (D:1)
  A rat (D:1)
18 creatures vanquished.

Notes
Turn   | Place    | Note
-------+----------+-------------------------------------------
     0 | D:1      | Descartes the Spriggan Wanderer began the quest for the
                  | Orb.
     0 | D:1      | Descartes set off with the following items: a +0 dagger, a
                  | +0 cloak, a potion of lignification, a +0 robe, a wand of
                  | charming (12); and the following spells available to
                  | memorise: Wereblood, Passwall.
     0 | D:1      | Reached XP level 1. HP: 10/10 MP: 3/3
   187 | D:1      | Reached XP level 2. HP: 7/14 MP: 5/5
  1063 | D:1      | Found a faded altar of an unknown god.
  1288 | D:1      | Slain by a gnoll

Illustrated notes

Levels and vault maps discovered:
D:1:      roderic_dead_forest, layout_rooms,
          hellmonk_ecumenical_altar_crossroads, minmay_misc_feat_x
D:2:      layout_basic, basic_altar

Skill      XL: |  1  2 |
---------------+-------+-----
Evocations     | 3 |  3.0
Fighting       | |  1.5
Short Blades   | |  0.6
Ranged Weapons | |  0.6
Throwing       | |  1.0
Dodging        | |  0.6
Stealth        | |  4.6
Spellcasting   | |  1.7
Transmutations | |  1.7
Earth Magic    | |  0.4

Action                   || total
-------------------------++-------
Melee: Dagger            ||   106
 Stab: Sleeping          ||     3
       Distracted        ||     1
Armor: Robe              ||    20
Dodge: Dodged            ||    98
